 Dungeon Crawl Stone Soup version 0.31-a0-771-g505c3d19dc (webtiles) character file.

Game seed: 12346361699158725990

1740017 MackTheKnife the Formicid Barricade (level 27, 236/236 HPs)
             Began as a Formicid Wanderer on Sept 15, 2023.
             Was an Initiate of Gozag.
             Escaped with the Orb
             ... and 3 runes on Sept 16, 2023!
             The game lasted 01:55:38 (60195 turns).

MackTheKnife the Formicid Barricade (FoWn)         Turns: 60195, Time: 01:55:39

Health: 236/236    AC: 32    Str: 24    XL:     27
Magic:  20/20      EV: 26    Int: 17    God:    Gozag
Gold:   9362       SH: 34    Dex: 40    Spells: 32/34 levels left

rFire   + + +        B - +5 triple sword of Habryv Qaogo {venom, Fragile Str+6, longrare=g}
rCold   + . .        s - +2 tower shield {AC+3}
rNeg    + . .        R - +7 chain mail "Veupt" {rElec rF+ Int+2}
rPois   +            (helmet unavailable)
rElec   +            K - +2 cloak {Stlth+}
rCorr   +            x - +1 pair of gloves of Focus {Regen+ rCorr MP-9 Dex+3}
SInv    +            S - -1 pair of boots "Fiehaem" {rC+ rCorr Dex+3}
Will    +++..        y - amulet of Awuasueno {*Slow rPois Regen+ rCorr Str-3}
Stlth   +++          f - ring of Ogeotegu {rElec rF++ Str+3 Dex+6 Stlth+}
HPRegen 2.19/turn    G - ring of the Cast Vote {rN+ Will+ Dex+5 Slay+4}
MPRegen 0.17/turn

%: slow self (1%)
@: studying Short Blades
A: permanent stasis, dig shafts and tunnels, antennae 3, four strong arms,
iridescent scales 1, wild magic 1
0: Orb of Zot
}: 3/15 runes: barnacled, silver, gossamer
a: Dig, Shaft Self, Renounce Religion, Potion Petition, Call Merchant, Bribe
Branch


You escaped.
You worshipped Gozag.
Gozag was greatly pleased with you.
You visited 10 branches of the dungeon, and saw 48 of its levels.
You also visited: Sewer, Ossuary, Ice Cave and Wizlab.

You collected 26121 gold pieces.
You spent 4861 gold pieces at shops.
You paid 11898 gold pieces to Gozag.


Innate Abilities, Weirdness & Mutations

You cannot be hasted, slowed, berserked, paralysed or teleported.
You can dig through walls and to a lower floor.
You have a pair of large antennae on your head. (SInv)
Your four strong arms can wield two-handed weapons with a shield.
You are partially covered in iridescent scales. (AC +2)
Your spells are a little harder to cast, but a little more powerful.


   Skills:
 - Level 23.5 Fighting
 - Level 1.0(17.4) Short Blades
 + Level 26.0 Long Blades
 - Level 1.0 Throwing
 - Level 16.0 Armour
 - Level 14.0 Dodging
 - Level 19.0 Stealth
 O Level 27 Shields
 - Level 4.0 Spellcasting
 - Level 7.0 Transmutations
 - Level 15.4 Evocations


You had 32 spell levels left.
You knew the following spells:

 Your Spells              Type           Power      Damage    Failure   Level
a - Wereblood             Tmut           35%        N/A       7%          2

Your spell library contained the following spells:

 Spells                   Type           Power      Damage    Failure   Level
 Sting                    Tmut/Pois      76%        1d6       17%         1
 Apportation              Tloc           8%         N/A       54%         1
 Foxfire                  Conj/Fire      16%        2x1d4     54%         1
 Freeze                   Ice            16%        1d4       54%         1
 Kiss of Death            Conj/Necr      16%        2d6       54%         1
 Magic Dart               Conj           16%        1d3       54%         1
 Necrotise                Necr           16%        1d4       54%         1
 Shock                    Conj/Air       16%        1d4       54%         1
 Slow                     Hex            16%        N/A       54%         1
 Summon Small Mammal      Summ           16%        N/A       54%         1
 Ignite Poison            Fire/Tmut/Pois 14%        N/A       61%         3
 Cigotuvi's Dreadful Rot  Necr/Pois/Air  8%         N/A       69%         2
 Ensorcelled Hibernation  Hex/Ice        8%         N/A       69%         2
 Jinxbite                 Hex            8%         N/A       69%         2
 Lesser Beckoning         Tloc           8%         N/A       69%         2
 Momentum Strike          Conj/Tloc      8%         3d8       69%         2
 Poisonous Vapours        Pois/Air       8%         N/A       69%         2
 Scorch                   Fire           8%         2d5       69%         2
 Searing Ray              Conj           8%         2d4       69%         2
 Call Canine Familiar     Summ           4%         N/A       88%         3
 Confusing Touch          Hex            4%         N/A       88%         3
 Dazzling Flash           Conj/Hex       8%         N/A       88%         3
 Frozen Ramparts          Ice            8%         1d2       88%         3
 Gell's Gravitas          Tloc           4%         N/A       88%         3
 Hailstorm                Conj/Ice       4%         3d4       88%         3
 Inner Flame              Hex/Fire       4%         N/A       88%         3
 Mephitic Cloud           Conj/Pois/Air  4%         N/A       88%         3
 Ozocubu's Armour         Ice            4%         N/A       88%         3
 Sigil of Binding         Hex            4%         N/A       88%         3
 Teleport Other           Tloc           4%         N/A       88%         3
 Tukima's Dance           Hex            4%         N/A       88%         3
 Vampiric Draining        Necr           4%         2d6       88%         3
 Volatile Blastmotes      Fire/Tloc      8%         2d10      88%         3
 Airstrike                Air            2%         2d(1-17)  99%         4
 Anguish                  Hex/Necr       2%         N/A       99%         4
 Cause Fear               Hex            2%         N/A       99%         4
 Dimensional Bullseye     Hex/Tloc       2%         N/A       99%         4
 Dispel Undead            Necr           4%         3d7       99%         4
 Flame Wave               Conj/Fire      4%         2d5       99%         4
 Fulminant Prism          Conj/Hex       2%         3d5       99%         4
 Iskenderun's Mystic Bla  Conj/Tloc      4%         2d3       99%         4
 Leda's Liquefaction      Hex/Erth       2%         N/A       99%         4
 Olgreb's Toxic Radiance  Pois           4%         N/A       99%         4
 Sticky Flame             Conj/Fire      4%         2d3       99%         4
 Summon Ice Beast         Ice/Summ       4%         N/A       99%         4
 Irradiate                Conj/Tmut      9%         3d14      99%         5
 Arcjolt                  Conj/Air       2%         1d12      100%        5
 Fireball                 Conj/Fire      2%         3d4       100%        5
 Freezing Cloud           Conj/Ice/Air   2%         6-21      100%        5
 Iskenderun's Battlesphe  Conj           4%         2d6       100%        5
 Metabolic Englaciation   Hex/Ice        2%         N/A       100%        5
 Summon Mana Viper        Hex/Summ       4%         N/A       100%        5
 Conjure Ball Lightning   Conj/Air       2%         3x3d6     100%        6
 Death Channel            Necr           2%         N/A       100%        6
 Plasma Beam              Fire/Air       2%         2x1d12    100%        6
 Starburst                Conj/Fire      2%         6d3       100%        6
 Summon Cactus Giant      Summ           2%         N/A       100%        6
 Enfeeble                 Hex            2%         N/A       100%        7
 Monstrous Menagerie      Summ           2%         N/A       100%        7
 Orb of Destruction       Conj           2%         9d5       100%        7
 Ozocubu's Refrigeration  Ice            2%         4d7       100%        7
 Discord                  Hex            2%         N/A       100%        8
 Disjunction              Tloc           2%         N/A       100%        8
 Ignition                 Fire           2%         3d3       100%        8
 Maxwell's Capacitive Co  Air            2%         ∞         100%        8
 Chain Lightning          Conj/Air       2%         3d2       100%        9
 Death's Door             Necr           2%         N/A       100%        9
 Fire Storm               Conj/Fire      2%         8d1       100%        9
 Shatter                  Erth           2%         3d6*      100%        9
 Blink                    Tloc           Unusable   N/A       N/A         2
 Swiftness                Air            Unusable   N/A       N/A         3
 Vhi's Electric Charge    Tloc/Air       Unusable   N/A       N/A         4
 Simulacrum               Ice/Necr       Unusable   N/A       N/A         6

Inventory:

Hand Weapons
 B - the +5 triple sword of Habryv Qaogo (weapon) {venom, Fragile Str+6, longrare=g}
   (You acquired it on level 1 of the Vaults)

   Str+6:     It affects your strength (+6).
   Fragile:   It will be destroyed if unequipped.
Armour
 e - the +0 pair of boots of Uskayaw's Anger {-Tele rF++ rC+ rN+}
   (You found it on level 1 of the Vaults)

   rF++:      It greatly protects you from fire.
   rC+:       It protects you from cold.
   rN+:       It protects you from negative energy.
   -Tele:     It prevents most forms of teleportation.
 s - a +2 tower shield of protection (worn)
   (You took it off a vault warden on level 1 of the Vaults)
 x - the +1 pair of gloves of Focus (worn) {Regen+ rCorr MP-9 Dex+3}
   (You found it on level 3 of the Elven Halls)

   Dex+3:     It affects your dexterity (+3).
   MP-9:      It affects your magic capacity (-9).
   Regen+:    It increases your rate of health regeneration.
   rCorr:     It protects you from acid and corrosion.
 I - a +0 cloak of willpower
   (You took it off Nikola on level 15 of the Dungeon)
 K - a +2 cloak of stealth (worn)
   (You found it on level 5 of the Vaults)
 N - the +0 pair of boots of Winter {rElec rPois rN+ Str-5}
   (You found it on level 2 of the Lair of Beasts)

   Str-5:     It affects your strength (-5).
   rElec:     It insulates you from electricity.
   rPois:     It protects you from poison rN+: It protects you from negative
   energy.
 Q - the +5 crystal plate armour of the Game Afoot {+Inv Str+8 Dex-4, rare=g}
   (You acquired it on level 5 of the Realm of Zot)

   Str+8:     It affects your strength (+8).
   Dex-4:     It affects your dexterity (-4).
   +Inv:      It lets you turn invisible.
 R - the +7 chain mail "Veupt" (worn) {rElec rF+ Int+2}
   (You bought it in a shop on level 4 of the Lair of Beasts)

   Int+2:     It affects your intelligence (+2).
   rF+:       It protects you from fire.
   rElec:     It insulates you from electricity.
 S - the -1 pair of boots "Fiehaem" (worn) {rC+ rCorr Dex+3}
   (You found it on level 5 of the Lair of Beasts)

   Dex+3:     It affects your dexterity (+3).
   rC+:       It protects you from cold.
   rCorr:     It protects you from acid and corrosion.
Jewellery
 f - the ring of Ogeotegu (left hand) {rElec rF++ Str+3 Dex+6 Stlth+}
   (You found it on level 15 of the Dungeon)

   [ring of dexterity]

   Str+3:     It affects your strength (+3).
   Dex+6:     It affects your dexterity (+6).
   rF++:      It greatly protects you from fire.
   rElec:     It insulates you from electricity.
   Stlth+:    It makes you more stealthy.
 t - a ring of flight
   (You found it on level 2 of the Dungeon)
 y - the amulet of Awuasueno (around neck) {*Slow rPois Regen+ rCorr Str-3}
   (You bought it in a shop on level 2 of the Orcish Mines)

   [amulet of regeneration]

   Str-3:     It affects your strength (-3).
   rPois:     It protects you from poison Regen+: It increases your rate of
   health regeneration.
   rCorr:     It protects you from acid and corrosion.
   *Slow:     It may slow you when you take damage.
 G - the ring of the Cast Vote (right hand) {rN+ Will+ Dex+5 Slay+4}
   (You found it in an ice cave)

   [ring of willpower]

   Dex+5:     It affects your dexterity (+5).
   Slay+4:    It affects your accuracy & damage with ranged weapons and melee
   (+4).
   rN+:       It protects you from negative energy.
   Will+:     It increases your willpower.
 J - the ring of the Hare {EV+10}
   (You bought it in a shop on level 2 of the Orcish Mines)

   [ring of evasion]

   EV+10:     It affects your evasion (+10).
 X - the ring "Awexkear" {*Slow Fly rElec Dex+6}
   (You took it off a fire giant on level 15 of the Dungeon)

   [ring of dexterity]

   Dex+6:     It affects your dexterity (+6).
   rElec:     It insulates you from electricity.
   Fly:       It grants you flight.
   *Slow:     It may slow you when you take damage.
Wands
 a - a wand of charming (40)
   (You found it on level 5 of the Lair of Beasts)
 c - a wand of quicksilver (27)
   (You took it off Maurice on level 12 of the Dungeon)
 o - a wand of iceblast (24)
   (You found it on level 1 of the Elven Halls)
 A - a wand of flame (96)
   (You found it in an ossuary)
 O - a wand of digging (17)
   (You found it on level 4 of the Lair of Beasts)
 W - a wand of mindburst (18)
   (You found it on level 5 of the Lair of Beasts)
 Y - a wand of polymorph (11)
   (You found it on level 4 of the Spider Nest)
Scrolls
 b - 9 scrolls of fog
 i - 5 scrolls of immolation {!r!r}
 j - 6 scrolls of fear
 l - 4 scrolls of vulnerability {!r!r}
 q - 8 scrolls of revelation
 w - a scroll of torment {!r}
 D - 8 scrolls of enchant weapon
 E - 6 scrolls of summoning
 M - a scroll of silence {!r}
 T - 7 scrolls of poison {!r}
Potions
 d - 6 potions of resistance
 g - 6 potions of lignification {!q}
 h - 8 potions of cancellation
 k - 7 potions of ambrosia
 m - 10 potions of heal wounds {@q2}
 n - 3 potions of degeneration {!q@e2}
 p - 6 potions of mutation {!q}
 r - 6 potions of magic
 u - 7 potions of curing {@q1}
 v - 10 potions of enlightenment
 z - 5 potions of attraction {!q}
 C - 4 potions of invisibility
 H - 6 potions of brilliance
 U - 2 potions of might
Miscellaneous
 F - a lightning rod (4/4)
   (You found it on level 1 of the Vaults)
 L - a sack of spiders
   (You found it on level 11 of the Dungeon)
 P - a phial of floods
   (You found it on level 4 of the Shoals)
 V - a condenser vane
   (You found it on level 4 of the Shoals)
 Z - a phantom mirror
   (You found it on level 4 of the Vaults)

Dungeon Overview and Level Annotations

Branches:
Dungeon (15/15)            Temple (1/1) D:4            Lair (5/5) D:9
 Shoals (4/4) Lair:2       Spider (4/4) Lair:3        Slime (0/5) Lair:5
    Orc (2/2) D:12            Elf (3/3) Orc:2        Vaults (5/5) D:14
  Crypt (0/3) Vaults:2     Depths (4/4) D:15            Zot (5/5) Depths:4
  Sewer (visited)         Ossuary (visited)           IceCv (visited)
 WizLab (visited)

Altars:
Ashenzari
Cheibriados
Dithmenos
Elyvilon
Fedhas
Gozag
Hepliaklqana
Kikubaaqudgha
Nemelex Xobeh
Okawaru
Qazlal
Ru
Sif Muna
Trog
Uskayaw
Vehumet
Wu Jian
Xom
Yredelemnul
Zin
The Shining One
Jiyva

Shops:
D:2 (   D:6 (   D:7 ((   D:10 (   D:12 [   Orc:2 *(:=*   Elf:1 =   Elf:3 [*
Lair:4 [   Shoals:1 *

Portals:
Hell: Depths:1 Depths:2 Depths:3 Depths:4
Abyss: Depths:1 Depths:3 Depths:4
Pandemonium: Depths:2 Depths:4
Ziggurat: Depths:1

Annotations:
D:2 Sigmund
D:3 1 runed translucent door, Crazy Yiuf
D:6 Dowan
D:7 2 transporters, Cris's ghost, novice DsCj; Maggie
D:8 1 runed translucent door, WhatIsLove's ghost, novice HOMo
D:15 exclusion: hydra
Lair:3 exclusion: hydra
Lair:4 3 runed translucent doors, exclusions: downstairs and upstairs, Hiramiqi's ghost, journeyman TeFE
Lair:5 1 runed translucent door
Shoals:1 2 runed translucent doors, Famenol's ghost, adept DsGl
Depths:1 exclusions: 2 ancient liches and 2 more exclusions
Zot:5 exclusion: 5 upstairs

.###.###########.########## #.#
..##.##..#.............#..# #.#
#.....#.#...............#.# #.#
..##.###.......#.#.......## #.#
.###>##......#.#.#.#......# #.#
.###..#.....##.#.#.##.....####.#
......#....)..⌠#.#⌠.......#....#
#######..#######.#######..##.###
#####...........@............#
...##.#.†#######.#######..####
##.##.#.......⌠#.#⌠.......#
.#.##.#.....##.#.#.##.....#######
.#.##.#......#.#.#.#......#....#.
[..##.##...(...#.#.......#####.#.
.####.#.#...............#.# #.#[
.# ###..#.............#..####.#.
.# ##########.##########...#..


There were no monsters in sight!


Message History

You miss the Tzitzimitl.
The Tzitzimitl engulfs you but does no damage.
You block the Tzitzimitl's attack.
Unknown command. 😎 HP[+1]
Your hp is fully restored (234).
You slash the Tzitzimitl! The Tzitzimitl engulfs you.
The Tzitzimitl bites you but does no damage. 😕 HP[-1]
You take 1 damage, and now have 233/234 hp.
Unknown command.
You slice the Tzitzimitl like a ripe choko!!!
The Tzitzimitl looks as sick as possible! 😎 HP[+1]
Your hp is fully restored (234).
Unknown command.
You carve the Tzitzimitl like a ham!!!
You kill the Tzitzimitl!
Your Long Blades skill increases to level 26!
You now have 235 max hp (+1).
You now have 9357 gold pieces (gained 15). 😎 HP[+1]
Your hp is fully restored (235).
Unknown command.
What level of the Dungeon? (default 1, ? - help)
There is a stone staircase leading up here.
You climb upwards.
There is a stone staircase leading down here.
There is a stone staircase leading up here.
You climb upwards.
There is a stone staircase leading down here.
There is a stone staircase leading up here.
You see here a +0 chain mail.
Items here: ( )))).
There is a stone staircase leading up here.
You climb upwards.
Level annotation: 1 runed translucent door, WhatIsLove's ghost, novice HOMo
There is a stone staircase leading down here.
There is a stone staircase leading up here.
You climb upwards.
Level annotation: 2 transporters, Cris's ghost, novice DsCj; Maggie
There is a stone staircase leading down here.
There is an open door here.
You sense a monster nearby.
Unknown command.
There is a stone staircase leading up here.
You climb upwards.
Level annotation: Dowan
There is a stone staircase leading down here.
What level of the Dungeon? (default 1, ? - help)
You sense a monster nearby.
What level of the Dungeon? (default 1, ? - help)
A sun demon comes into view.
The sun demon barely misses you.
You cut the sun demon into ribbons!!!
You kill the sun demon!
No target in view!
No target in view!
You now have 9362 gold pieces (gained 5).
There is a stone staircase leading up here.
You climb upwards.
There is a stone staircase leading down here.
What level of the Dungeon? (default 1, ? - help)
There is a stone staircase leading up here.
You climb upwards.
There is a stone staircase leading down here.
Things that are here:
a +0 robe; a +0 dagger of pain {short}
Items here: ))) [[[.
There is a stone staircase leading up here.
You climb upwards.
Level annotation: 1 runed translucent door, Crazy Yiuf
There is a stone staircase leading down here.
There is a stone staircase leading up here.
A gnoll is nearby!
An Orb Guardian comes into view.
You block the Orb Guardian's attack.
You closely miss the Orb Guardian. You block the Orb Guardian's attack.
You slice the Orb Guardian like a ripe choko!!!
You hear a shout!
The Orb Guardian hits you but does no damage.
You hit the Orb Guardian.
The Orb Guardian is poisoned.
You block the Orb Guardian's attack.
You open the Orb Guardian like a pillowcase!!!
You kill the Orb Guardian!
Your life force feels restored.
You now have 236 max hp (+1).
No target in view! 😎 HP[+1]
Your hp is fully restored (236).
There is a stone staircase leading up here.
You climb upwards.
Level annotation: Sigmund
There is a stone staircase leading down here.
What level of the Dungeon? (default 1, ? - help)
There is a stone staircase leading up here.
You climb upwards.
There is a stone staircase leading down here.
There is a staircase leading out of the dungeon here.
You have escaped!

Skill      XL: |  1  2  3  4  5  6  7  8  9 10 11 12 13 14 15 16 17 18 19 20 21 22 23 24 25 26 27 |
---------------+----------------------------------------------------------------------------------+-----
Shields        | 2 3 4 5 6 12 17 20 21 25 27 | 27.0
Fighting       | 2 3 4 6 8 10 11 12 15 17 18 21 22 23 | 23.5
Long Blades    | 6 7 9 11 13 18 20 21 24 26 | 26.0
Dodging        | 5 10 11 12 14 | 14.0
Armour         | 5 7 9 12 13 16 | 16.0
Evocations     | 4 6 10 15 | 15.4
Stealth        | 5 6 18 19 | 19.0
Transmutations | 5 7 |  7.0
Spellcasting   | 3 4 |  4.0
Short Blades   | |  1.0
Throwing       | |  1.0

Action                     |  1- 3 |  4- 6 |  7- 9 | 10-12 | 13-15 | 16-18 | 19-21 | 22-24 | 25-27 || total
---------------------------+-------+-------+-------+-------+-------+-------+-------+-------+-------++-------
  Melee: Long sword        |    88 |   173 |    91 |       |       |       |       |       |       ||   352
         Falchion          |       |       |   222 |   698 |  1769 |  2605 |   769 |       |       ||  6063
         Double sword      |       |       |       |       |       |       |   941 |   143 |       ||  1084
         Triple sword      |       |       |       |       |       |       |       |  1201 |   890 ||  2091
  Throw: Dart              |       |       |       |       |     5 |     2 |       |       |       ||     7
   Cast: Wereblood         |       |       |       |       |       |       |       |     8 |    10 ||    18
 Invoke: Call Merchant     |       |       |     1 |     1 |     3 |       |     1 |       |       ||     6
         Potion Petition   |       |       |       |     1 |       |       |     1 |       |       ||     2
         Bribe Branch      |       |       |       |       |       |       |       |       |     2 ||     2
Ability: Dig               |       |       |       |     2 |     4 |     2 |     2 |       |     2 ||    12
  Evoke: Wand              |       |       |     1 |     4 |    12 |    20 |    50 |     2 |     9 ||    98
         Sack of spiders   |       |       |       |     1 |     1 |     1 |     2 |       |     2 ||     7
         Lightning rod     |       |       |       |       |       |       |       |     3 |     6 ||     9
         Phial of floods   |       |       |       |       |       |       |       |     1 |       ||     1
         Condenser vane    |       |       |       |       |       |       |       |       |     1 ||     1
    Use: Potion            |     1 |     2 |       |     4 |       |     1 |     6 |       |     4 ||    18
         Scroll            |       |     3 |    19 |     6 |     2 |     6 |     4 |     1 |    11 ||    52
   Stab: Sleeping          |     6 |       |    11 |     1 |     5 |    12 |    22 |    34 |     6 ||    97
         Distracted        |       |     1 |       |     7 |    15 |    23 |    25 |    37 |    19 ||   127
         Invisible         |       |       |       |     9 |       |       |       |       |       ||     9
         Held in net/web   |       |       |       |       |       |       |     1 |       |       ||     1
 Armour: Leather armour    |    54 |    92 |   158 |       |       |       |       |       |       ||   304
         Ring mail         |       |       |    23 |   234 |   200 |       |       |       |       ||   457
         Chain mail        |       |       |       |       |   336 |   741 |   464 |   289 |   403 ||  2233
  Dodge: Dodged            |    43 |    80 |   125 |   463 |   652 |  1160 |   434 |   400 |   429 ||  3786
  Block: Buckler           |    29 |    56 |    97 |   168 |   163 |       |       |       |       ||   513
         Tower shield      |       |       |       |       |   922 |  3262 |  1694 |  1358 |  1171 ||  8407

Levels and vault maps discovered:
D:1:      matt_arrival_grand_opening, layout_loops_ring
D:2:      layout_basic, serial_shops, nicolae_shop_bloodbath_and_beyond,
          chequers_serial_rivers_marsh, uniq_jessica, uniq_sigmund
D:3:      layout_basic, hellmonk_ecumenical_altar_watching_god,
          uniq_crazy_yiuf_cottage
D:4:      layout_basic, mainiacjoe_overflow_tiny_flanked,
          nicolae_ashenzari_panopticon, minmay_temple_entry_grid, uniq_grinder
D:5:      layout_loops_cross, nicolae_ossuary_entry_monument
D:6:      layout_basic, serial_shops, kennysheep_mini_moat,
          portal_sewer_entry_c, uniq_duvessa
D:7:      layout_loops_corners, nicolae_overflow_hidden_temple, serial_shops,
          shop, gammafunk_ghost_arena, minmay_microvault, uniq_maggie,
          uniq_jeremiah, uniq_joseph
D:8:      layout_basic, gammafunk_ghost_grave, uniq_grum
D:9:      cheibrodos_wizards_tower, layout_loops_ring,
          mainiacjoe_overflow_alcove_2
D:10:     layout_roguey, grunt_dithmenos_smoke, nrook_mini_backslash
D:11:     layout_cave_pools, uniq_erolcha
D:12:     layout_cave_pods, david_orc_2, hangedman_abyss_or_decor_stabs,
          dreamdust_wishing_well, uniq_fannar
D:13:     layout_basic, nicolae_twisty_statue_hallways
D:14:     layout_long_grid, hellmonk_vaults_attempted_burglary,
          grunt_gozag_statues
D:15:     grunt_enter_depths_magical_seal, layout_long_grid,
          nicolae_kite_square_tiling_tiny, uniq_jorgrun
Temple:   nicolae_temple_bog_church
Lair:1:   layout_chaotic_city, grunt_megastairs_2
Lair:2:   layout_cave_pods, elwin_shoals_entry_rooms
Lair:3:   layout_regular_city, spider_nest_entry_rubble,
          pdpol_lair_neglected_garden
Lair:4:   layout_regular_city, ebering_ghost_rock_garden, nzn_sisyphean_effort
Lair:5:   gammafunk_lair_ancient_temple, layout_misc_corridors, slime_entry_2,
          chequers_serial_rivers_micro_b, uniq_urug, uniq_josephine
Shoals:1: layout_shoals, ebering_ghost_disaster_area, nicolae_island_escapes
Shoals:2: layout_shoals
Shoals:3: nicolae_shoals_island_circles, layout_shoals,
          nicolae_shoals_beach_house_on_fowls_legs
Shoals:4: shoals_end_hellmonk_holy_island
Spider:1: layout_chambers, guppyfry_hornet_nest,
          hangedman_spider_tarantella_strand
Spider:2: layout_spider_delve
Spider:3: layout_spider_delve
Spider:4: grunt_spider_rune_circles
Orc:1:    layout_caves, uniq_snorg, uniq_maurice, uniq_gastronok
Orc:2:    grunt_orc_tribal_feast, layout_diamond_mine, basic_altar
Elf:1:    eino_elf_arrival_the_gate, layout_loops_ring, serial_shops,
          nicolae_shop_back_alley_shop, infiniplex_enter_wizlab_spiral,
          minmay_elf_necromancy, eino_tiny_chamber, grunt_megastairs_5
Elf:2:    nicolae_elf_blades_splatter_lattice
          [nicolae_blade_entry_diamond_columns], layout_rooms,
          portal_ice_cave_entry_horrid_things, st_stairs_10,
          corexii_hall_statues_u, minmay_misc_feat_columns, minivault_26
Elf:3:    minmay_elf_hall_spiked, layout_rooms, serial_shops, shop, uniq_mara
Vaults:1: vaults_room_large_hall, nicolae_vaults_network_square,
          ontoclasm_vaults_spin, vaults_mumra_chevron, dpeg_vaults_monster_box,
          nicolae_vaults_six-pack, ontoclasm_vaults_bender,
          nicolae_vaults_big_angled_halls, ontoclasm_vaults_misaligned,
          nicolae_vaults_hexular_roomagon, vaults_mumra_hexcomb, v_misc_18,
          nicolae_vaults_little_ls, nicolae_vaults_little_guard_posts,
          vaults_room_semicircle, layout_vaults_big_cross
Vaults:2: minmay_crypt_entry_skeletal_spiral, hangedman_vaults_nodes, v_misc_25,
          nicolae_vaults_lightning_bolt, hangedman_vaults_capsules, v_misc_8,
          hangedman_vaults_stagger, nicolae_vaults_little_squares_4,
          layout_vaults_omnigrid
Vaults:3: vaults_room_corners, v_pattern_4, v_misc_10,
          nicolae_vaults_tetromino_L_2, nicolae_vaults_network_periphery,
          nicolae_vaults_house_1, layout_vaults_chaotic_city
Vaults:4: nicolae_vaults_closet_pinwheel_5, nicolae_vaults_trapezoid_2,
          ontoclasm_vaults_tryst, nicolae_vaults_shipping_containers_5,
          vaults_dpeg_doors, nicolae_vaults_trapezoid_layered,
          nicolae_vaults_trapezoid_lopsided_3,
          nicolae_vaults_door_testing_chamber, nicolae_vaults_diamond_1,
          v_alt_pattern_3, nicolae_vaults_shrinking_rooms_1,
          nicolae_vaults_storage_closets_1, nicolae_vaults_sesquioval_fish,
          vaults_room_semicircle, nicolae_vaults_closet_pinwheel_5,
          layout_vaults_omnibox
Vaults:5
Depths:1: layout_cave_pools, enter_ziggurat_d, hell_entry,
          abyss_entry_glasseish, infiniplex_staircase_pool_lava,
          dispersion_dpeg, serial_bayou_shore_b, uniq_nikola
Depths:2: minmay_crescents, layout_basic, rand_demon_pan_entry_4, hell_entry,
          nicolae_uskayaw_en_pointe, water_boxes_lemuel, uniq_grunn,
          uniq_asterion
Depths:3: kennysheep_large_spiral, layout_gridlike, elyvilon_altar_5,
          abyss_entry, pf_hell_entry_tar_river, tgw_sif,
          infiniplex_staircase_zigzag_1
Depths:4: grunt_twist_and_shout, layout_honeycomb, rand_demon_pan_entry_1,
          hangedman_abyss_entry_splay, grunt_metal_band
Zot:1:    layout_concentric_octagons, st_stairs_6
Zot:2:    layout_cathedral_of_symmetry
Zot:3:    lemuel_draconian_sentries_small, layout_twisted_circle
Zot:4:    layout_gridville
Zot:5:    layout_basic, grunt_ministairs_6

Notes
Turn   | Place    | Note
-------+----------+-------------------------------------------
     0 | D:1      | MackTheKnife the Formicid Wanderer began the quest for the
                  | Orb.
     0 | D:1      | MackTheKnife set off with the following items: a +0 long
                  | sword {long}, a +0 short sword {short}, a +0 buckler, a
                  | potion of mutation {!q}, a +0 leather armour.
     0 | D:1      | Reached XP level 1. HP: 13/13 MP: 1/1
     0 | D:1      | magus.rc [v1.9.6]
     0 | D:1      | Gained mutation: Your spells are a little harder to cast,
                  | but a little more powerful. [potion of mutation]
     0 | D:1      | Gained mutation: You are partially covered in iridescent
                  | scales. (AC +2) [potion of mutation]
   138 | D:1      | Reached skill level 2 in Shields
   138 | D:1      | Reached XP level 2. HP: 19/19 MP: 2/2
   524 | D:1      | Reached XP level 3. HP: 24/24 MP: 3/3
   952 | D:2      | Found Gaofic's Weapon Shop.
   972 | D:2      | Reached skill level 3 in Shields
  1237 | D:2      | Noticed Jessica
  1243 | D:2      | Killed Jessica
  1244 | D:2      | Reached XP level 4. HP: 26/30 MP: 4/4
  1410 | D:2      | Noticed Sigmund
  1866 | D:3      | Noticed a golden eye
  1872 | D:3      | Found a faded altar of an unknown god.
  1878 | D:3      | Noticed a great orb of eyes
  1882 | D:3      | Noticed a golden eye
  1929 | D:3      | Noticed a golden eye
  2026 | D:3      | Reached skill level 4 in Shields
  2258 | D:3      | Found a runed translucent door.
  2259 | D:3      | Noticed Crazy Yiuf
  2715 | D:3      | You pick up a book of Winter and begin reading...
  2715 | D:3      | You add the spells Ozocubu's Armour, Metabolic Englaciation
                  | and Simulacrum to your library.
  2748 | D:3      | Reached XP level 5. HP: 35/35 MP: 5/5
  3050 | D:4      | Reached skill level 1 in Fighting
  3050 | D:4      | Reached skill level 6 in Long Blades
  3164 | D:4      | Found a broken altar of Ashenzari.
  3239 | D:4      | Reached skill level 2 in Fighting
  3239 | D:4      | Reached XP level 6. HP: 24/44 MP: 6/6
  3311 | D:4      | Found a staircase to the Ecumenical Temple.
  3321 | Temple   | Entered the Ecumenical Temple
  3332 | Temple   | Became a worshipper of Gozag Ym Sagoz the Greedy
  3375 | D:4      | Noticed Grinder
  3392 | D:4      | Killed Grinder
  3393 | D:4      | Reached skill level 3 in Fighting
  3393 | D:4      | Reached skill level 5 in Shields
  3393 | D:4      | Reached XP level 7. HP: 37/52 MP: 7/7
  3412 | D:4      | Reached skill level 6 in Shields
  3516 | D:4      | Found a hide-covered altar of Uskayaw.
  3743 | D:4      | Reached skill level 7 in Long Blades
  4134 | D:4      | Reached skill level 4 in Fighting
  4178 | D:5      | Entered Level 5 of the Dungeon
  4194 | D:5      | Reached XP level 8. HP: 24/61 MP: 8/8
  4333 | D:5      | Found a sand-covered staircase.
  4348 | Ossuary  | Entered an ossuary
  4606 | Ossuary  | Noticed a wraith
  4606 | Ossuary  | Noticed a flying skull
  4618 | Ossuary  | Noticed a wraith
  4635 | Ossuary  | Killed a wraith
  4636 | Ossuary  | Reached skill level 5 in Fighting
  4670 | Ossuary  | Noticed a flying skull
  4671 | Ossuary  | Noticed a flying skull
  4689 | Ossuary  | Noticed a flying skull
  4706 | Ossuary  | Reached skill level 8 in Long Blades
  4817 | Ossuary  | Noticed a wraith
  4829 | Ossuary  | Killed a wraith
  4830 | Ossuary  | Reached skill level 6 in Fighting
  5022 | D:5      | You pick up a book of Beasts and begin reading...
  5022 | D:5      | You add the spells Summon Ice Beast, Summon Mana Viper and
                  | Monstrous Menagerie to your library.
  5680 | D:6      | Reached skill level 9 in Long Blades
  5809 | D:6      | Reached XP level 9. HP: 69/69 MP: 9/9
  5856 | D:6      | Noticed Dowan
  5899 | D:6      | Found a glowing drain.
  5925 | Sewer    | Entered a sewer
  6016 | Sewer    | Noticed Pargi
  6038 | Sewer    | Killed Pargi
  6600 | D:6      | Reached skill level 1 in Dodging
  6610 | D:6      | Reached skill level 2 in Dodging
  6888 | D:6      | Reached skill level 3 in Dodging
  7177 | D:6      | Found Emuaqot's Antique Weapon Shoppe.
  7319 | D:7      | Noticed Jeremiah
  7414 | D:7      | Reached skill level 4 in Dodging
  7639 | D:7      | Noticed Maggie
  7703 | D:7      | You add the spells Sting, Poisonous Vapours and Olgreb's
                  | Toxic Radiance to your library.
  7779 | D:7      | Found a transporter.
  7782 | D:7      | Found a transporter.
  7782 | D:7      | Noticed Cris's ghost (novice DsCj)
  7865 | D:7      | Bought a crude falchion for 264 gold pieces
  7865 | D:7      | Identified the +8 falchion of the Valley {protect, rF++
                  | Dex+2} (You bought it in a shop on level 7 of the Dungeon)
  7884 | D:7      | Reached skill level 5 in Dodging
  7966 | D:7      | Killed Jeremiah
  7967 | D:7      | Reached XP level 10. HP: 60/76 MP: 10/10
  8070 | D:7      | Noticed Joseph
  8084 | D:7      | Killed Joseph
  8085 | D:7      | Reached skill level 6 in Dodging
  8266 | D:7      | Found Wastidgh's Weapon Emporium.
  8325 | D:7      | Reached skill level 7 in Dodging
  8826 | D:8      | Found a runed translucent door.
  8827 | D:8      | Noticed WhatIsLove's ghost (novice HOMo)
  8899 | D:8      | Noticed Grum
  8911 | D:8      | Killed Grum
  8912 | D:8      | Reached skill level 8 in Dodging
  9059 | D:8      | You add the spells Ignition and Discord to your library.
  9147 | D:8      | Noticed a two-headed ogre
  9160 | D:8      | Killed a two-headed ogre
  9161 | D:8      | Reached skill level 9 in Dodging
  9476 | D:9      | Found a sacrificial altar of Ru.
  9627 | D:9      | Found a staircase to the Lair.
  9649 | D:9      | Noticed an orc sorcerer
  9657 | D:9      | Noticed a soul eater
  9666 | D:9      | Killed an orc sorcerer
  9671 | D:9      | HP: 19/76 [poisoned by a killer bee]
  9872 | D:9      | Identified the +2 robe "Exoet" {rF- Str+2 Archmagi}
  9877 | D:9      | You add the spells Ignite Poison and Sticky Flame to your
                  | library.
  9929 | D:9      | Reached skill level 10 in Dodging
  9972 | D:9      | Reached XP level 11. HP: 72/81 MP: 11/11
  9989 | D:9      | Reached skill level 2 in Armour
 10019 | D:9      | Reached skill level 3 in Armour
 10128 | D:9      | Reached skill level 4 in Armour
 10398 | D:9      | Reached skill level 5 in Armour
 10403 | D:9      | Reached skill level 10 in Long Blades
 10517 | D:10     | Entered Level 10 of the Dungeon
 10660 | D:10     | Found a shadowy altar of Dithmenos.
 10675 | D:10     | Reached skill level 7 in Fighting
 10749 | D:10     | You pick up a book of Conjurations {@e2} and begin
                  | reading...
 10749 | D:10     | You add the spells Magic Dart, Searing Ray and Fulminant
                  | Prism to your library.
 11366 | D:11     | Reached skill level 11 in Long Blades
 11372 | D:11     | Reached skill level 8 in Fighting
 11479 | D:11     | Noticed Erolcha
 11492 | D:11     | Killed Erolcha
 11509 | D:11     | You pick up a book of Cantrips and begin reading...
 11509 | D:11     | You add the spells Necrotise, Summon Small Mammal and
                  | Apportation to your library.
 11536 | D:11     | You pick up a book of Spatial Translocations and begin
                  | reading...
 11536 | D:11     | You add the spells Momentum Strike and Lesser Beckoning to
                  | your library.
 11655 | D:11     | Identified the +2 dagger "Tydaegireo" {pain, *Slow Str+3
                  | Dex+3}
 11682 | D:11     | Noticed a skeletal warrior
 11683 | D:11     | Noticed a skeletal warrior
 11683 | D:11     | Noticed a skeletal warrior
 11684 | D:11     | Noticed a skeletal warrior
 11713 | D:11     | Killed a skeletal warrior
 11714 | D:11     | Reached XP level 12. HP: 44/93 MP: 12/12
 11726 | D:11     | Killed a skeletal warrior
 11727 | D:11     | Reached skill level 9 in Fighting
 11730 | D:11     | HP: 22/95 [skeletal warrior/+0 trident (12)]
 11738 | D:11     | Killed a skeletal warrior
 11747 | D:11     | Killed a skeletal warrior
 11750 | D:11     | Reached skill level 12 in Long Blades
 12147 | Lair:1   | Entered Level 1 of the Lair of Beasts
 12220 | Lair:1   | Reached skill level 10 in Fighting
 12268 | Lair:1   | You pick up a book of Touch and begin reading...
 12268 | Lair:1   | You add the spells Kiss of Death, Confusing Touch and
                  | Dispel Undead to your library.
 12763 | Lair:1   | Reached skill level 1 in Evocations
 12865 | Lair:1   | Noticed a death yak
 12866 | Lair:1   | Noticed a death yak
 12866 | Lair:1   | Noticed a death yak
 12868 | Lair:1   | Noticed a death yak
 12886 | Lair:1   | Killed a death yak
 12887 | Lair:1   | Reached skill level 2 in Evocations
 12899 | Lair:1   | Killed a death yak
 12900 | Lair:1   | Reached skill level 13 in Long Blades
 12900 | Lair:1   | Reached skill level 3 in Evocations
 12907 | Lair:1   | Killed a death yak
 12923 | Lair:1   | Killed a death yak
 12924 | Lair:1   | Reached skill level 4 in Evocations
 13429 | Lair:2   | Noticed a skyshark
 13457 | Lair:1   | Killed a skyshark
 13458 | Lair:1   | Reached XP level 13. HP: 62/104 MP: 13/13
 13710 | Lair:2   | Reached skill level 5 in Evocations
 13842 | Lair:2   | Found a staircase to the Shoals.
 13996 | Lair:2   | Reached skill level 6 in Evocations
 14020 | Lair:2   | Reached skill level 2 in Stealth
 14030 | Lair:2   | Reached skill level 3 in Stealth
 14209 | Lair:2   | Identified the +0 pair of boots of Winter {rElec rPois rN+
                  | Str-5}
 14278 | Lair:2   | Reached skill level 4 in Stealth
 14467 | Lair:2   | Reached skill level 5 in Stealth
 14613 | Lair:2   | Reached skill level 6 in Armour
 15075 | Lair:3   | Noticed a seven-headed hydra
 15205 | Lair:3   | Reached skill level 7 in Armour
 15266 | Lair:3   | Found a hole to the Spider Nest.
 15440 | Lair:3   | Noticed a six-headed hydra
 15899 | Lair:3   | You pick up a book of Displacement and begin reading...
 15899 | Lair:3   | You add the spells Gell's Gravitas and Teleport Other to
                  | your library.
 16095 | Lair:3   | Reached skill level 11 in Fighting
 16709 | Lair:4   | Found a runed translucent gate.
 16831 | Lair:4   | Noticed Hiramiqi's ghost (journeyman TeFE)
 16832 | Lair:4   | Found a runed translucent gate.
 16833 | Lair:4   | Found a runed translucent gate.
 16870 | Lair:4   | Reached skill level 11 in Dodging
 17045 | Lair:4   | Reached XP level 14. HP: 113/113 MP: 14/14
 17524 | Lair:4   | Reached skill level 12 in Fighting
 17881 | Lair:5   | Entered Level 5 of the Lair of Beasts
 18370 | Lair:4   | Bought a glowing tower shield for 210 gold pieces
 18380 | Lair:4   | Bought an agate-encrusted chain mail for 266 gold pieces
 18380 | Lair:4   | Identified the +7 chain mail "Veupt" {rElec rF+ Int+2} (You
                  | bought it in a shop on level 4 of the Lair of Beasts)
 18446 | Lair:5   | You pick up a book of Displacement and begin reading...
 18513 | Lair:4   | Reached skill level 7 in Shields
 18556 | Lair:4   | Reached skill level 8 in Shields
 18559 | Lair:4   | HP: 29/116 [yak (2)]
 18831 | Lair:4   | Reached skill level 9 in Shields
 19188 | Lair:5   | Identified the -1 pair of boots "Fiehaem" {rC+ rCorr Dex+3}
 19218 | Lair:5   | Noticed Urug
 19249 | Lair:5   | Killed Urug
 19250 | Lair:5   | Reached skill level 10 in Shields
 19251 | Lair:5   | T - a +0 eveningstar of freezing {macerare=g}
 19497 | Lair:5   | Reached skill level 11 in Shields
 19702 | Lair:5   | Killed Josephine
 19703 | Lair:5   | Reached skill level 12 in Shields
 19703 | Lair:5   | Reached XP level 15. HP: 89/122 MP: 15/15
 19982 | Lair:5   | Found a runed translucent door.
 19983 | Lair:5   | Found a viscous altar of Jiyva.
 19983 | Lair:5   | Noticed an azure jelly
 19985 | Lair:5   | Found a staircase to the Slime Pits.
 20032 | Lair:5   | Reached skill level 13 in Shields
 20579 | D:12     | Found a staircase to the Orcish Mines.
 20615 | Orc:1    | Entered Level 1 of the Orcish Mines
 20651 | Orc:1    | Gastronok the Ponderous comes into view. He is wearing the
                  | +3 hat of Pondering {ponderous, Will+ MP+10 Int+5}.
 20651 | Orc:1    | Noticed Gastronok
 20661 | Orc:1    | Noticed Maurice
 20661 | Orc:1    | Noticed an orc warlord
 20758 | D:12     | Bought a fine ring mail for 306 gold pieces
 20758 | D:12     | Identified the +1 ring mail of the Known World {Str+4 Int+4
                  | Stlth+} (You bought it in a shop on level 12 of the
                  | Dungeon)
 21244 | D:12     | Reached skill level 14 in Shields
 21257 | D:12     | Noticed Fannar
 21290 | D:12     | Killed Fannar
 21291 | D:12     | Reached skill level 15 in Shields
 21821 | D:12     | Killed Maurice
 21965 | D:12     | Killed an orc warlord
 22098 | Orc:1    | Noticed Snorg
 22227 | D:12     | Killed Snorg
 22542 | Orc:1    | Killed Gastronok
 22543 | Orc:1    | Reached skill level 16 in Shields
 23003 | Orc:2    | Entered Level 2 of the Orcish Mines
 23111 | Orc:2    | Found a bloodstained altar of Trog.
 23394 | Orc:2    | Reached skill level 17 in Shields
 23625 | Orc:2    | Found Yfeiw's General Store.
 23625 | Orc:2    | Found Zura's Book Shop.
 23627 | Orc:2    | Found Jiodywk's Antique Weapon Shoppe.
 23627 | Orc:2    | Found Aqucea's Assorted Antiques.
 23637 | Orc:2    | Bought a pair of embroidered gloves for 210 gold pieces
 23874 | Orc:2    | Found a staircase to the Elven Halls.
 25152 | D:13     | Reached XP level 16. HP: 118/129 MP: 16/16
 25237 | D:14     | Reached skill level 18 in Shields
 25416 | D:14     | You pick up a book of the Spheres and begin reading...
 25416 | D:14     | You add the spells Iskenderun's Battlesphere, Fireball,
                  | Conjure Ball Lightning and Orb of Destruction to your
                  | library.
 25621 | D:14     | Found an opulent altar of Gozag.
 26233 | D:14     | Found a gate to the Vaults.
 26318 | D:15     | Entered Level 15 of the Dungeon
 26678 | D:15     | Reached skill level 19 in Shields
 26822 | D:15     | Found a staircase to the Depths.
 26843 | D:15     | Identified the ring of Ogeotegu {rElec rF++ Str+3 Dex+6
                  | Stlth+}
 26978 | D:15     | Noticed Jorgrun
 27002 | D:15     | Killed Jorgrun
 27464 | D:15     | You drop a +0 eveningstar of freezing {macerare=g}.
 27651 | Spider:1 | Entered Level 1 of the Spider Nest
 27754 | Spider:1 | magus.rc [v1.9.6]
 28156 | Spider:1 | Reached skill level 20 in Shields
 28326 | Spider:1 | You add the spells Arcjolt and Maxwell's Capacitive
                  | Coupling to your library.
 28451 | Spider:1 | Reached skill level 8 in Armour
 29459 | Orc:2    | Bought the ring of the Hare {EV+10} for 2176 gold pieces
 29459 | Orc:2    | Found the ring of the Hare {EV+10}
 29807 | Spider:2 | Reached skill level 9 in Armour
 29948 | Spider:2 | You pick up a book of Vapours and begin reading...
 29948 | Spider:2 | You add the spells Mephitic Cloud and Freezing Cloud to
                  | your library.
 30125 | Spider:2 | Noticed an emperor scorpion
 30144 | Spider:2 | Killed an emperor scorpion
 30245 | Spider:2 | Reached XP level 17. HP: 135/135 MP: 17/17
 30278 | Spider:2 | Reached skill level 21 in Shields
 30434 | Spider:2 | Reached skill level 10 in Armour
 30908 | Spider:2 | Reached skill level 11 in Armour
 31629 | Spider:3 | Reached skill level 12 in Armour
 31650 | Spider:3 | Reached skill level 13 in Fighting
 32070 | Spider:3 | Reached skill level 14 in Fighting
 32188 | Spider:3 | Identified a scroll of acquirement
 32189 | Spider:3 | Acquired a manual of Evocations
 32349 | Spider:4 | Entered Level 4 of the Spider Nest
 32523 | Spider:4 | Reached skill level 7 in Evocations
 32729 | Spider:4 | Reached skill level 8 in Evocations
 32914 | Spider:4 | Reached skill level 9 in Evocations
 33323 | Spider:4 | Reached skill level 15 in Fighting
 33390 | Spider:4 | Reached skill level 10 in Evocations
 33390 | Spider:4 | Reached XP level 18. HP: 149/149 MP: 18/18
 33551 | Spider:4 | Reached skill level 11 in Evocations
 33686 | Spider:4 | Identified the +0 hat of Nemelex Xobeh's Hope {rF+ rN+
                  | Regen+ Int-5}
 33825 | Spider:4 | Got a gossamer rune of Zot
 34229 | Shoals:1 | Entered Level 1 of the Shoals
 34230 | Shoals:1 | magus.rc [v1.9.6]
 34425 | Orc:2    | Bought the ring "Negemiuh" {rPois rC+ rN+} for 686 gold
                  | pieces
 34636 | Shoals:1 | magus.rc [v1.9.6]
 34651 | Shoals:1 | Found Vuck's Island Escapes.
 34703 | Shoals:1 | Reached skill level 12 in Evocations
 35135 | Shoals:1 | Reached skill level 16 in Fighting
 35250 | Shoals:1 | Found a large runed translucent door.
 35250 | Shoals:1 | Found a large runed translucent door.
 35251 | Shoals:1 | Noticed Famenol's ghost (adept DsGl)
 35290 | Shoals:1 | Reached skill level 13 in Evocations
 35530 | Shoals:1 | magus.rc [v1.9.6]
 35542 | Shoals:2 | magus.rc [v1.9.6]
 35851 | Shoals:2 | Identified the +5 ring mail "Anoho" {Harm rElec Str+5}
 35920 | Shoals:2 | magus.rc [v1.9.6]
 36105 | Shoals:2 | Reached skill level 14 in Evocations
 36742 | Shoals:3 | Reached skill level 15 in Evocations
 36768 | Shoals:3 | Reached skill level 17 in Fighting
 36907 | Shoals:3 | You pick up a book of Air and begin reading...
 36907 | Shoals:3 | You add the spells Shock and Airstrike to your library.
 36912 | Shoals:3 | You pick up a book of Cantrips and begin reading...
 36940 | Shoals:3 | Reached skill level 6 in Stealth
 36946 | Shoals:3 | Reached XP level 19. HP: 146/161 MP: 19/19
 36961 | Shoals:3 | Reached skill level 7 in Stealth
 37080 | Shoals:3 | Reached skill level 8 in Stealth
 37141 | Shoals:3 | Reached skill level 9 in Stealth
 37240 | Shoals:3 | Reached skill level 10 in Stealth
 37469 | Shoals:3 | Reached skill level 11 in Stealth
 37934 | Shoals:4 | Entered Level 4 of the Shoals
 37976 | Shoals:4 | Reached skill level 12 in Stealth
 38001 | Shoals:4 | You pick up a book of Blasting and begin reading...
 38001 | Shoals:4 | You add the spells Volatile Blastmotes and Iskenderun's
                  | Mystic Blast to your library.
 38025 | Shoals:4 | Found a glowing golden altar of the Shining One.
 38054 | Shoals:4 | Reached skill level 14 in Stealth
 38246 | Shoals:3 | magus.rc [v1.9.6]
 38465 | Elf:1    | Entered Level 1 of the Elven Halls
 38495 | Elf:1    | Reached skill level 15 in Stealth
 38563 | Elf:1    | Reached skill level 16 in Stealth
 38624 | Elf:1    | Found a magical portal.
 38629 | WizLab   | Entered Zonguldrok's Shrine
 38830 | WizLab   | Reached skill level 17 in Stealth
 39160 | WizLab   | Reached skill level 18 in Stealth
 39244 | WizLab   | Noticed an antique lich
 39256 | WizLab   | HP: 20/160 [antique lich/bolt of acid (47)]
 39262 | WizLab   | HP: 38/160 [antique lich/crystal spear (68)]
 39267 | WizLab   | Killed an antique lich
 39330 | WizLab   | Found the +9 sword of Zonguldrok {reap}
 39338 | WizLab   | You pick up a book of Decay and begin reading...
 39338 | WizLab   | You add the spells Cigotuvi's Dreadful Rot and Death
                  | Channel to your library.
 39367 | WizLab   | You pick up a book of Scorching and begin reading...
 39367 | WizLab   | You add the spells Scorch, Flame Wave and Summon Cactus
                  | Giant to your library.
 39671 | Elf:1    | Reached XP level 20. HP: 110/164 MP: 20/20
 39930 | Elf:1    | Got the Quarto of Dark Rituals
 40010 | Elf:1    | Reached skill level 22 in Shields
 40223 | Elf:1    | Found Uwoeh's Jewellery Shop.
 40660 | Elf:2    | Found a frozen archway.
 40666 | IceCv    | Entered an ice cave
 40804 | IceCv    | Reached skill level 23 in Shields
 40936 | IceCv    | Noticed a golden dragon
 40964 | IceCv    | Killed a golden dragon
 41024 | IceCv    | Identified the ring of the Cast Vote {rN+ Will+ Dex+5
                  | Slay+4}
 41028 | IceCv    | Identified the amulet of Kuah {RegenMP Dex+3}
 41644 | Elf:2    | Found a runed translucent gate.
 41645 | Elf:2    | Found a runed translucent gate.
 41646 | Elf:2    | Found a runed translucent gate.
 41788 | Elf:2    | Reached skill level 24 in Shields
 42332 | Elf:3    | Entered Level 3 of the Elven Halls
 42497 | Elf:3    | Reached skill level 25 in Shields
 42504 | Elf:3    | Found Pealis's General Store.
 42874 | Elf:3    | Bought a scroll of revelation for 150 gold pieces
 42882 | Elf:3    | magus.rc [v1.9.6]
 42882 | Elf:3    | magus.rc [v1.9.6]
 43019 | Elf:3    | Reached XP level 21. HP: 166/168 MP: 21/21
 43020 | Elf:3    | Noticed Mara
 43035 | Elf:3    | Killed Mara
 43110 | Elf:3    | Reached skill level 26 in Shields
 43243 | Elf:3    | Identified the ring of Lexi {rN+ rCorr Dex+6}
 43358 | Elf:3    | Identified the +10 dagger of Ziaquc {heavy, Fly rF+ Int-5
                  | Dex+2}
 43372 | Elf:3    | Identified the +11 great mace of Honour {heavy, rElec rPois
                  | rC+ rN+++ Int-5}
 43401 | Elf:3    | Identified the +0 troll leather armour "Xeoha" {*Slow
                  | Regen+ Str+3 Dex+2}
 43459 | Elf:3    | Identified the +5 sling of the Tired Knives {drain, Will+}
 43477 | Elf:3    | You pick up a book of Decay and begin reading...
 43484 | Elf:3    | Identified the +6 spear "Yreato" {heavy, rElec rC+++ Will+}
 43489 | Elf:3    | Got the Grimoire of the Maleficium
 43535 | Elf:3    | Identified the +1 pair of gloves of Focus {Regen+ rCorr
                  | MP-9 Dex+3}
 43559 | Elf:3    | You pick up a book of Cantrips and begin reading...
 43708 | Orc:2    | Bought the amulet of Awuasueno {*Slow rPois Regen+ rCorr
                  | Str-3} for 593 gold pieces
 43835 | Vaults:1 | Entered Level 1 of the Vaults
 43991 | Vaults:1 | Reached skill level 27 in Shields
 43993 | Vaults:1 | Reached skill level 14 in Long Blades
 44126 | Vaults:1 | Reached skill level 15 in Long Blades
 44198 | Vaults:1 | Identified the +0 pair of boots of Uskayaw's Anger {-Tele
                  | rF++ rC+ rN+}
 44317 | Vaults:1 | Reached skill level 16 in Long Blades
 44510 | Vaults:1 | Acquired 574 gold pieces
 45088 | Vaults:1 | Reached skill level 17 in Long Blades
 45279 | Vaults:1 | Reached skill level 18 in Long Blades
 45345 | Vaults:1 | magus.rc [v1.9.6]
 45697 | Shoals:4 | Identified the +9 quarterstaff "Ulohofuj" {flame, Dex+3}
 45704 | Shoals:4 | Identified the amulet "Zelein" {Spirit Rampage rPois}
 45772 | Shoals:4 | Reached XP level 22. HP: 175/181 MP: 13/22
 45889 | Shoals:4 | Found a glowing silver altar of Zin.
 46123 | Shoals:4 | Got a barnacled rune of Zot
 46247 | Shoals:4 | Found a white marble altar of Elyvilon.
 46272 | Shoals:4 | Reached skill level 13 in Armour
 46575 | Vaults:1 | Acquired the +5 triple sword of Habryv Qaogo {venom,
                  | Fragile Str+6}
 46576 | Vaults:1 | B - the +5 triple sword of Habryv Qaogo {venom, Fragile
                  | Str+6, longrare=g}
 46586 | Vaults:2 | Upgraded the game from 0.31-a0-765-g67fe2935dc to
                  | 0.31-a0-771-g505c3d19dc
 46586 | Vaults:2 | magus.rc [v1.9.6]
 46586 | Vaults:2 | the +5 triple sword of Habryv Qaogo {venom, Fragile Str+6,
                  | longrare=g} begins to drip with poison!
 46586 | Vaults:2 | B - the +5 triple sword of Habryv Qaogo (weapon) {venom,
                  | Fragile Str+6, longrare=g}
 46742 | Vaults:2 | Found a staircase to the Crypt.
 47041 | Vaults:2 | Reached skill level 19 in Long Blades
 47769 | Vaults:2 | Your damage rating with the +5 triple sword of Habryv Qaogo
                  | {venom, Fragile Str+6, longrare=g} is about 68 (Base 19 x
                  | 175% (Dex) x 178% (Skill) + 9 (Ench + Slay)).
 48045 | Vaults:3 | Reached skill level 20 in Long Blades
 48365 | Vaults:3 | Reached XP level 23. HP: 164/187 MP: 14/23
 48873 | Vaults:3 | Reached skill level 21 in Long Blades
 49668 | Vaults:4 | You pick up a book of Changes and begin reading...
 49668 | Vaults:4 | You add the spells Wereblood and Irradiate to your library.
 49694 | Vaults:4 | Your damage rating with the +5 triple sword of Habryv Qaogo
                  | {venom, Fragile Str+6, longrare=g} is about 70 (Base 19 x
                  | 175% (Dex) x 185% (Skill) + 9 (Ench + Slay)).
 49870 | Vaults:4 | Your damage rating with the +5 triple sword of Habryv Qaogo
                  | {venom, Fragile Str+6, longrare=g} is about 70 (Base 19 x
                  | 175% (Dex) x 185% (Skill) + 9 (Ench + Slay)).
 50203 | Vaults:4 | Identified the +7 whip of Xachut {antimagic, rF+ Str+3}
 50345 | Vaults:4 | You pick up a book of Dreams and begin reading...
 50345 | Vaults:4 | You add the spells Jinxbite, Ensorcelled Hibernation and
                  | Anguish to your library.
 50372 | Vaults:4 | Learned a level 2 spell: Wereblood
 50403 | Vaults:4 | Reached skill level 18 in Fighting
 50420 | Vaults:4 | You pick up a book of Frost and begin reading...
 50420 | Vaults:4 | You add the spells Freeze, Frozen Ramparts and Hailstorm to
                  | your library.
 50459 | Vaults:4 | Reached skill level 1 in Transmutations
 50467 | Vaults:4 | Reached skill level 2 in Transmutations
 50555 | Vaults:4 | Reached skill level 3 in Transmutations
 50812 | Depths:1 | Entered Level 1 of the Depths
 50824 | Depths:1 | Identified the ring "Awexkear" {*Slow Fly rElec Dex+6}
 50825 | Depths:1 | Noticed Nikola
 50882 | D:15     | Reached skill level 4 in Transmutations
 50894 | D:15     | Killed Nikola
 50895 | D:15     | Reached skill level 1 in Spellcasting
 50976 | Depths:1 | Reached skill level 2 in Spellcasting
 50999 | D:15     | Reached skill level 5 in Transmutations
 51023 | D:15     | Reached skill level 3 in Spellcasting
 51025 | D:15     | Reached XP level 24. HP: 188/197 MP: 18/27
 51119 | Depths:1 | Noticed an ancient lich
 51135 | Depths:1 | Identified the +9 dagger "Curhikh" {protect, Dex+4}
 51208 | Depths:1 | Found a gateway to Hell.
 51235 | Depths:1 | Reached skill level 6 in Transmutations
 51381 | Depths:1 | Reached skill level 4 in Spellcasting
 51419 | Depths:1 | Found a one-way gate to the infinite horrors of the Abyss.
 51433 | Depths:1 | Found a one-way gateway to a ziggurat.
 51770 | Depths:2 | Noticed a golden dragon
 51775 | Depths:2 | Reached skill level 7 in Transmutations
 51790 | Depths:2 | Killed a golden dragon
 51883 | Depths:2 | Noticed a golden dragon
 51932 | Depths:2 | Killed a golden dragon
 52082 | Depths:2 | Reached skill level 19 in Fighting
 52188 | Depths:2 | Identified the +5 kite shield "Lihalin" {-Cast +Blink
                  | Regen+}
 52188 | Depths:2 | Noticed Asterion
 52191 | Depths:2 | Found a hide-covered altar of Uskayaw.
 52197 | Depths:2 | Killed Asterion
 52445 | Depths:2 | Found a one-way gate leading to the halls of Pandemonium.
 52959 | Depths:3 | Noticed a golden dragon
 52969 | Depths:3 | Killed a golden dragon
 53039 | Depths:3 | Identified the +7 chain mail of Tirumm {rElec Str+3 Slay+2}
 53061 | Depths:3 | Noticed a golden dragon
 53067 | Depths:3 | Noticed a juggernaut
 53080 | Depths:3 | Killed a juggernaut
 53081 | Depths:3 | Reached skill level 20 in Fighting
 53084 | Depths:3 | Killed a golden dragon
 53286 | Depths:3 | Found a white marble altar of Elyvilon.
 53796 | Depths:3 | You pick up a book of Fire and begin reading...
 53796 | Depths:3 | You add the spells Foxfire, Plasma Beam and Starburst to
                  | your library.
 53887 | Depths:3 | Found a shimmering blue altar of Sif Muna.
 54008 | Depths:4 | Entered Level 4 of the Depths
 54028 | Depths:4 | Reached skill level 21 in Fighting
 54112 | Depths:3 | Reached skill level 12 in Dodging
 54182 | Depths:4 | Reached XP level 25. HP: 209/214 MP: 20/29
 54186 | Depths:4 | Reached skill level 14 in Armour
 54380 | Depths:4 | Reached skill level 15 in Armour
 54769 | Depths:4 | Found a gate to the Realm of Zot.
 54862 | Depths:4 | Noticed a caustic shrike
 54862 | Depths:4 | Noticed a caustic shrike
 54865 | Depths:4 | Noticed a caustic shrike
 54866 | Depths:4 | Noticed a caustic shrike
 54870 | Depths:4 | Killed a caustic shrike
 54871 | Depths:4 | Reached skill level 16 in Armour
 54877 | Depths:4 | Killed a caustic shrike
 54892 | Depths:4 | Killed a caustic shrike
 54893 | Depths:4 | Reached skill level 19 in Stealth
 54896 | Depths:4 | Killed a caustic shrike
 55463 | Vaults:4 | magus.rc [v1.9.6]
 55497 | Vaults:5 | Entered Level 5 of the Vaults
 55578 | Vaults:4 | Reached skill level 13 in Dodging
 55656 | Vaults:5 | Noticed an ancient lich
 55739 | Vaults:5 | Reached skill level 14 in Dodging
 55749 | Vaults:4 | Killed an ancient lich
 56164 | Vaults:5 | Noticed an ancient lich
 56227 | Vaults:5 | Killed an ancient lich
 56228 | Vaults:5 | Reached skill level 22 in Fighting
 56228 | Vaults:5 | Reached XP level 26. HP: 215/224 MP: 20/29
 56228 | Vaults:5 | Identified the +9 falchion of the Pill Bug {heavy, Fragile
                  | rN++ Will++}
 56230 | Vaults:5 | Identified the +6 flail of Res Nullius {drain, +Blink rC-
                  | rN+ Will++}
 56236 | Vaults:5 | Noticed a dread lich
 56244 | Vaults:5 | Identified the +9 great sword "Gudius" {elec, Dex+3}
 56244 | Vaults:5 | Identified the ring "Riudon" {rPois AC+4}
 56258 | Vaults:4 | Killed a dread lich
 56385 | Vaults:5 | Reached skill level 23 in Fighting
 56641 | Vaults:5 | You pick up a book of Frost and begin reading...
 56661 | Vaults:5 | You pick up a book of Chaos and begin reading...
 56668 | Vaults:5 | You pick up a book of Conjurations {@e2} and begin
                  | reading...
 56670 | Vaults:5 | You pick up a book of the Hunter and begin reading...
 56670 | Vaults:5 | You add the spells Sigil of Binding, Call Canine Familiar,
                  | Dimensional Bullseye and Leda's Liquefaction to your
                  | library.
 56674 | Vaults:5 | Identified the +3 rapier "Acegus" {freeze, Will+}
 56682 | Vaults:5 | Identified the amulet "Cedwerho" {RegenMP rCorr Str-5 SInv}
 56685 | Vaults:5 | Identified the staff of Crystal {Fly rPois Dex+5 Stlth-
                  | Earth}
 56722 | Vaults:5 | Identified the +6 quarterstaff of Saltpetre {flame, +Blink
                  | rF+ rC- Int+2}
 56722 | Vaults:5 | Identified the ring of Huplan {rN+ Str+2 Int+3 Dex-3}
 56828 | Vaults:5 | Identified the +1 ring mail "Anij" {*Corrode +Blink rElec
                  | rC+}
 56830 | Vaults:5 | Got a silver rune of Zot
 56832 | Vaults:5 | You pick up a book of Vapours and begin reading...
 56835 | Vaults:5 | You add the spells Tukima's Dance, Cause Fear and Enfeeble
                  | to your library.
 56835 | Vaults:5 | Got a moldy
 56856 | Vaults:5 | Identified the +1 cloak of Weirdness {Rampage rElec Int-4}
 56964 | Vaults:5 | You pick up a book of Vapours and begin reading...
 56988 | Vaults:5 | You pick up a book of Annihilations and begin reading...
 56988 | Vaults:5 | You add the spells Chain Lightning, Fire Storm and Shatter
                  | to your library.
 57044 | Vaults:5 | Reached skill level 22 in Long Blades
 57124 | Vaults:5 | You pick up a book of Spectacle and begin reading...
 57892 | Zot:1    | Entered Level 1 of the Realm of Zot
 58007 | Zot:3    | Reached skill level 23 in Long Blades
 58437 | Zot:4    | Reached skill level 24 in Long Blades
 58487 | Zot:5    | Entered Level 5 of the Realm of Zot
 58584 | Zot:5    | Acquired the +5 crystal plate armour of the Game Afoot
                  | {+Inv Str+8 Dex-4}
 58585 | Zot:5    | Q - the +5 crystal plate armour of the Game Afoot {+Inv
                  | Str+8 Dex-4, rare=g}
 58622 | Zot:5    | You finish putting on the +5 crystal plate armour of the
                  | Game Afoot {+Inv Str+8 Dex-4, rare=g}.
 58627 | Zot:5    | You finish taking off the +5 crystal plate armour of the
                  | Game Afoot {+Inv Str+8 Dex-4, rare=g}.
 58642 | Zot:5    | You finish putting on the +5 crystal plate armour of the
                  | Game Afoot {+Inv Str+8 Dex-4, rare=g}.
 58647 | Zot:5    | You finish taking off the +5 crystal plate armour of the
                  | Game Afoot {+Inv Str+8 Dex-4, rare=g}.
 58652 | Zot:5    | You drop the +5 crystal plate armour of the Game Afoot
                  | {+Inv Str+8 Dex-4, rare=g}.
 58653 | Zot:5    | Q - the +5 crystal plate armour of the Game Afoot {+Inv
                  | Str+8 Dex-4, rare=g}
 58781 | Zot:5    | Reached XP level 27. HP: 218/220 MP: 20/29
 58821 | Zot:5    | You pick up a book of Debilitation and begin reading...
 58821 | Zot:5    | You add the spells Slow and Vampiric Draining to your
                  | library.
 58947 | Zot:5    | Reached skill level 25 in Long Blades
 59385 | Zot:5    | Noticed an ancient lich
 59408 | Zot:5    | Noticed a Killer Klown
 59429 | Zot:5    | Killed a Killer Klown
 59430 | Zot:5    | Noticed a Killer Klown
 59457 | Zot:5    | Killed an ancient lich
 59458 | Zot:5    | Noticed a Killer Klown
 59467 | Zot:5    | Noticed an electric golem
 59478 | Zot:5    | Killed a Killer Klown
 59490 | Zot:5    | Killed an electric golem
 59507 | Zot:5    | Noticed an orb of fire
 59515 | Zot:5    | Noticed an orb of fire
 59515 | Zot:5    | Killed a Killer Klown
 59521 | Zot:5    | Noticed an electric golem
 59535 | Zot:5    | Killed an electric golem
 59556 | Zot:5    | Got the Orb of Zot
 59556 | Zot:5    | Noticed an ancient lich
 59588 | Zot:5    | Killed an ancient lich
 59612 | Zot:5    | Noticed a Killer Klown
 59629 | Zot:5    | Noticed Pieqif the pandemonium lord
 59634 | Zot:5    | Killed Pieqif the pandemonium lord
 59835 | Depths:1 | Noticed Esuqoc the pandemonium lord
 59958 | D:11     | Reached skill level 26 in Long Blades
 60195 | D:$      | Escaped with the Orb!

Vanquished Creatures
  A dread lich (Vaults:4)
  Mara (Elf:3)
  3 ancient liches
  A juggernaut (Depths:3)
  2 Killer Klowns (Zot:5)
  4 caustic shrikes (Depths:4)
  Nikola (D:15)
  7 golden dragons
  2 electric golems (Zot:5)
  A Tzitzimitl (D:11)
  A Brimstone Fiend (Zot:5)
  8 tentacled monstrosities
  Jorgrun (D:15)
  3 liches
  5 titans
  Asterion (Depths:2)
  A walking frostbound tome (Depths:2)
  5 sphinxes
  7 Orb Guardians
  A deep elf master archer (Elf:3)
  3 death cobs
  An ancient champion (WizLab)
  2 quicksilver dragons
  Gastronok (Orc:1)
  9 tengu reavers
  6 shadow dragons
  6 draconian monks
  A fenstrider witch (Shoals:3)
  A daeva (Shoals:4)
  7 storm dragons
  5 draconian knights
  19 vault wardens
  6 deep elf sorcerers (Elf:3)
  6 fire giants
  An iron dragon (Vaults:4)
  9 frost giants
  6 ghost moths
  8 emperor scorpions
  4 deep elf elementalists (Elf:3)
  3 draconian scorchers
  4 draconian shifters
  10 very ugly things
  4 orc warlords
  4 spectral caustic shrikes (Depths:3)
  14 ironbound preservers
  15 stone giants
  7 draconian stormcallers
  A broodmother (Spider:2)
  3 war gargoyles
  5 formless jellyfish
  8 ironbound thunderhulks
  3 draconian annihilators
  7 green draconians
  An apis (Shoals:4)
  2 vampire knights (D:15)
  8 black draconians
  6 deep elf demonologists (Elf:3)
  6 deep elf annihilators
  7 purple draconians
  4 white draconians
  17 dire elephants
  7 spark wasps
  Snorg (D:12)
  5 red draconians
  11 yellow draconians
  8 ettins
  A blizzard demon (Depths:1)
  8 merfolk javelineers
  A crystal guardian (Vaults:3)
  A fire dragon (shapeshifter) (Vaults:4)
  5 great orbs of eyes
  6 deep elf death magi
  5 deep elf high priests
  9 merfolk impalers
  Josephine (Lair:5)
  19 yaktaur captains
  Fannar (D:12)
  10 entropy weavers
  3 fire dragons
  10 ice dragons
  A spriggan air mage (Depths:4)
  27 vault guards
  Erolcha (D:11)
  5 rakshasas
  A hydra (Lair:5)
  4 merfolk avatars
  3 peacekeepers
  9 two-headed ogres
  2 jorogumos
  5 boulder beetles
  2 ogre magi
  A radroach (shapeshifter) (Depths:3)
  30 dancing weapons
  10 centaur warriors
  A death yak (shapeshifter) (Vaults:5)
  7 ironbound frosthearts
  9 merfolk aquamancers
  3 radroaches
  4 deep troll shamans
  11 death yaks
  3 satyrs
  6 tengu warriors
  A vampire mage (Depths:4)
  Urug (Lair:5)
  5 hell knights (Depths:4)
  3 spriggan berserkers
  5 demonic crawlers
  A spriggan (Depths:4)
  4 orc high priests
  6 deep troll earth magi
  7 skysharks
  2 iron trolls
  3 cherubim
  23 deep elf knights
  2 titan skeletons (Depths:2)
  A sun demon (D:6)
  22 skeletal warriors
  9 pharaoh ants
  A sun moth (Spider:4)
  12 deep elf archers
  13 sea snakes
  5 glowing orange brains
  A flayed ghost (Depths:3)
  An orange crystal statue (IceCv)
  9 orb spiders
  19 lindwurms
  6 wizards
  22 ironbound convokers
  5 necromancers
  7 phantasmal warriors
  50 deep trolls
  4 steelbarb worms
  23 deep elf zephyrmancers
  20 ugly things
  20 deep elf pyromancers
  2 tengu skeletons
  14 manticores
  18 fauns
  12 orc knights
  23 harpies
  A stone giant zombie (Vaults:3)
  4 cyclopes
  An oklob plant (Lair:5)
  26 wolf spiders
  9 orc sorcerers
  2 stone giant skeletons
  6 moths of wrath
  6 merfolk sirens
  3 black mambas
  Joseph (D:7)
  A centaur zombie (D:15)
  7 elephants
  A smoke demon (Depths:2)
  6 water nymphs
  16 vault sentinels
  A naga mage (D:15)
  An orange demon (Depths:2)
  Maurice (D:12)
  5 torpor snails
  8 storm dragon simulacra (IceCv)
  Jeremiah (D:7)
  14 cane toads
  3 gargoyles
  5 rime drakes
  6 freezing wraiths
  13 komodo dragons
  A hellion (Depths:2)
  3 tengu conjurers
  52 yaktaurs
  6 human skeletons
  3 golden dragon simulacra (IceCv)
  29 merfolk
  A red devil (Depths:2)
  A queen bee (shapeshifter) (Elf:1)
  9 meliai
  A polar bear (Lair:5)
  10 trolls
  Grinder (D:4)
  6 hornets
  35 tarantellas
  6 wind drakes
  21 dream sheep
  10 blink frogs
  5 large abominations (Elf:1)
  9 snapping turtles
  20 jumping spiders
  A spriggan (shapeshifter) (Vaults:4)
  20 water elementals
  2 centaur simulacra (D:15)
  A deep troll skeleton (Vaults:2)
  30 slime creatures
  69 yaks
  28 culicivoras
  3 vampires (WizLab)
  9 wraiths
  2 air elementals
  5 wyverns
  A ynoxinul (Depths:2)
  3 basilisks
  Grum (D:8)
  6 fire elementals
  57 redbacks
  8 vampire mosquitoes
  2 steam dragons
  2 wargs
  2 elf skeletons (Vaults:2)
  3 acid dragons
  6 two-headed ogre zombies (WizLab)
  13 water moccasins
  3 floating eyes
  A glowing shapeshifter skeleton (Vaults:2)
  21 orc warriors
  Pargi (Sewer)
  5 ogres
  A black bear (D:6)
  2 ice beasts
  7 ice dragon simulacra (IceCv)
  A boggart (Vaults:1)
  16 wolves
  An ogre (shapeshifter) (Vaults:4)
  12 centaurs
  4 kobold brigands
  3 elf zombies
  7 bullfrogs
  A gnoll sergeant (D:11)
  A scorpion (D:6)
  3 earth elementals
  12 wights
  5 troll zombies (WizLab)
  21 killer bees
  3 lindwurm simulacra (IceCv)
  A howler monkey (D:4)
  A gnoll bouda (D:8)
  14 orc priests
  6 hounds
  4 iguanas
  Jessica (D:2)
  2 sleepcaps
  14 orc wizards
  11 hell rats (Lair:4)
  7 ogre zombies (WizLab)
  A boggart simulacrum (D:15)
  10 gnolls
  7 adders
  A river rat (D:6)
  2 shadow imps
  A white imp (D:7)
  4 ufetubi
  An adder zombie (Ossuary)
  2 dart slugs
  76 orcs
  9 ball pythons
  4 endoplasms
  2 giant cockroaches
  6 goblins
  8 hobgoblins
  7 jackals
  2 quokkas
  A ball python skeleton (Ossuary)
  4 bats
  7 frilled lizards
  2 hobgoblin skeletons (Ossuary)
  A hobgoblin zombie (Ossuary)
  22 kobolds
  3 orc skeletons (Ossuary)
  2 orc zombies (Ossuary)
  7 rats
1970 creatures vanquished.

Vanquished Creatures (collateral kills)
  An ancient lich (Vaults:5)
  A pandemonium lord (Zot:5)
  A Killer Klown (Zot:5)
  2 tentacled monstrosities (Vaults:5)
  A quicksilver dragon (Zot:5)
  2 tengu reavers (Vaults:5)
  A storm dragon (Zot:5)
  A draconian monk (Zot:4)
  A vault warden (Vaults:5)
  A stone giant (Vaults:5)
  An ironbound preserver (Vaults:5)
  A war gargoyle (Vaults:5)
  2 deep elf annihilators
  A merfolk javelineer (Shoals:3)
  A yaktaur captain (Vaults:5)
  A vault guard (Vaults:5)
  A hydra (D:14)
  An ice dragon (IceCv)
  A hell beast (Zot:2)
  A dancing weapon (Elf:1)
  A shadow wraith (Vaults:5)
  2 deep trolls (Vaults:5)
  A harpy (Vaults:5)
  A deep elf zephyrmancer (Elf:1)
  A moth of wrath (Zot:2)
  A vault sentinel (Vaults:5)
  A komodo dragon (Lair:5)
  A hellwing (Zot:5)
  A yak (Lair:5)
  An ogre (D:5)
  A scorpion (D:5)
  An adder (D:5)
  A quokka (shapeshifter) (Vaults:5)
37 creatures vanquished.

Vanquished Creatures (others)
  An ancient lich (Zot:5)
  8 Orb Guardians (Zot:5)
  A storm dragon (Vaults:5)
  A fire giant (Depths:2)
  A ghost moth (Spider:4)
  A demonspawn corrupter (Zot:5)
  A demonspawn black sun (Zot:5)
  A black draconian (Zot:5)
  A purple draconian (Zot:1)
  2 deep elf knights
  A shadow demon (Zot:5)
  A cherub (Zot:5)
  A harpy (Vaults:5)
  A wizard (D:15)
  A deep elf zephyrmancer (Elf:3)
  A deep elf pyromancer (Elf:2)
  A moth of wrath (Zot:5)
  A komodo dragon (Lair:1)
  A basilisk (Lair:3)
  A bullfrog (D:6)
  An orc wizard (Orc:2)
29 creatures vanquished.

Grand Total: 2036 creatures vanquished

Table legend:
 A = Non-vault XP
 B = Vault XP
 C = Vault XP percentage of total XP
 D = Non-vault monster count
 E = Vault monster count
 F = Vault count percentage of total count
                 A         B        C        D         E       F
            +---------+---------+-------+---------+---------+-------
      Total |  652112 |  463001 |  41.5 |    1413 |     593 |  29.6
            +---------+---------+-------+---------+---------+-------
        D:1 |      32 |       0 |   0.0 |      21 |       0 |   0.0
        D:2 |      36 |      37 |  50.7 |      16 |       1 |   5.9
        D:3 |      53 |       0 |   0.0 |      17 |       0 |   0.0
        D:4 |     423 |     277 |  39.6 |      27 |       1 |   3.6
        D:5 |     508 |       0 |   0.0 |      15 |       0 |   0.0
        D:6 |     729 |      18 |   2.4 |      11 |       5 |  31.2
        D:7 |     750 |    1101 |  59.5 |      19 |       3 |  13.6
        D:8 |    1169 |     538 |  31.5 |      14 |       4 |  22.2
        D:9 |    3147 |     520 |  14.2 |      40 |       1 |   2.4
       D:10 |    3024 |       0 |   0.0 |      16 |       0 |   0.0
       D:11 |    4711 |     857 |  15.4 |      25 |       1 |   3.8
       D:12 |   11757 |    2305 |  16.4 |      51 |       8 |  13.6
       D:13 |    4346 |       0 |   0.0 |      13 |       0 |   0.0
       D:14 |    6543 |     866 |  11.7 |      17 |       1 |   5.6
       D:15 |   11537 |   11990 |  51.0 |      17 |      14 |  45.2
     Lair:1 |    8277 |     186 |   2.2 |      24 |       2 |   7.7
     Lair:2 |    7935 |     317 |   3.8 |      31 |       1 |   3.1
     Lair:3 |    5376 |     218 |   3.9 |      24 |       1 |   4.0
     Lair:4 |   14841 |    1592 |   9.7 |      56 |       2 |   3.4
     Lair:5 |   11729 |    9160 |  43.9 |      39 |      23 |  37.1
   Shoals:1 |   11896 |       0 |   0.0 |      22 |       0 |   0.0
   Shoals:2 |   12218 |       0 |   0.0 |      26 |       0 |   0.0
   Shoals:3 |   30891 |    1336 |   4.1 |      58 |       1 |   1.7
   Shoals:4 |   18339 |   23939 |  56.6 |      36 |      31 |  46.3
   Spider:1 |   15361 |    1431 |   8.5 |      45 |       5 |  10.0
   Spider:2 |   25698 |       0 |   0.0 |      51 |       0 |   0.0
   Spider:3 |   20639 |       0 |   0.0 |      53 |       0 |   0.0
   Spider:4 |   16846 |   20357 |  54.7 |      43 |      37 |  46.2
      Orc:1 |    1898 |    1471 |  43.7 |      17 |       1 |   5.6
      Orc:2 |    1637 |    6840 |  80.7 |      21 |      29 |  58.0
      Elf:1 |   21361 |    8501 |  28.5 |      33 |      18 |  35.3
      Elf:2 |   15662 |   26768 |  63.1 |      26 |      38 |  59.4
      Elf:3 |   13908 |   35194 |  71.7 |      30 |      29 |  49.2
   Vaults:1 |   32195 |   21763 |  40.3 |      45 |      29 |  39.2
   Vaults:2 |   28515 |   19905 |  41.1 |      45 |      35 |  43.8
   Vaults:3 |   33849 |   10186 |  23.1 |      57 |      13 |  18.6
   Vaults:4 |   45158 |   80427 |  64.0 |      66 |      76 |  53.5
   Vaults:5 |   21825 |   53748 |  71.1 |      28 |      49 |  63.6
   Depths:1 |   13147 |       0 |   0.0 |      18 |       0 |   0.0
   Depths:2 |   16839 |   21653 |  56.3 |      22 |      18 |  45.0
   Depths:3 |   28390 |   27264 |  49.0 |      35 |      18 |  34.0
   Depths:4 |   42685 |   17483 |  29.1 |      41 |      18 |  30.5
      Zot:1 |     563 |    2153 |  79.3 |       1 |       2 |  66.7
      Zot:2 |     505 |       0 |   0.0 |       1 |       0 |   0.0
      Zot:3 |   12588 |    3483 |  21.7 |      11 |       3 |  21.4
      Zot:4 |   14993 |       0 |   0.0 |      15 |       0 |   0.0
      Zot:5 |   46109 |   31406 |  40.5 |      39 |      20 |  33.9
      Sewer |       0 |     157 | 100.0 |       0 |       8 | 100.0
    Ossuary |       0 |     570 | 100.0 |       0 |      14 | 100.0
      IceCv |       0 |   12401 | 100.0 |       0 |      28 | 100.0
     WizLab |   11474 |    4583 |  28.5 |      35 |       5 |  12.5
            +---------+---------+-------+---------+---------+-------

Skill      XL: |  1  2  3  4  5  6  7  8  9 10 11 12 13 14 15 16 17 18 19 20 21 22 23 24 25 26 27 |
---------------+----------------------------------------------------------------------------------+-----
Shields        | 2 3 4 5 6 12 17 20 21 25 27 | 27.0
Fighting       | 2 3 4 6 8 10 11 12 15 17 18 21 22 23 | 23.5
Long Blades    | 6 7 9 11 13 18 20 21 24 26 | 26.0
Dodging        | 5 10 11 12 14 | 14.0
Armour         | 5 7 9 12 13 16 | 16.0
Evocations     | 4 6 10 15 | 15.4
Stealth        | 5 6 18 19 | 19.0
Transmutations | 5 7 |  7.0
Spellcasting   | 3 4 |  4.0
Short Blades   | |  1.0
Throwing       | |  1.0

Action                     |  1- 3 |  4- 6 |  7- 9 | 10-12 | 13-15 | 16-18 | 19-21 | 22-24 | 25-27 || total
---------------------------+-------+-------+-------+-------+-------+-------+-------+-------+-------++-------
  Melee: Long sword        |    88 |   173 |    91 |       |       |       |       |       |       ||   352
         Falchion          |       |       |   222 |   698 |  1769 |  2605 |   769 |       |       ||  6063
         Double sword      |       |       |       |       |       |       |   941 |   143 |       ||  1084
         Triple sword      |       |       |       |       |       |       |       |  1201 |   890 ||  2091
  Throw: Dart              |       |       |       |       |     5 |     2 |       |       |       ||     7
   Cast: Wereblood         |       |       |       |       |       |       |       |     8 |    10 ||    18
 Invoke: Call Merchant     |       |       |     1 |     1 |     3 |       |     1 |       |       ||     6
         Potion Petition   |       |       |       |     1 |       |       |     1 |       |       ||     2
         Bribe Branch      |       |       |       |       |       |       |       |       |     2 ||     2
Ability: Dig               |       |       |       |     2 |     4 |     2 |     2 |       |     2 ||    12
  Evoke: Wand              |       |       |     1 |     4 |    12 |    20 |    50 |     2 |     9 ||    98
         Sack of spiders   |       |       |       |     1 |     1 |     1 |     2 |       |     2 ||     7
         Lightning rod     |       |       |       |       |       |       |       |     3 |     6 ||     9
         Phial of floods   |       |       |       |       |       |       |       |     1 |       ||     1
         Condenser vane    |       |       |       |       |       |       |       |       |     1 ||     1
    Use: Potion            |     1 |     2 |       |     4 |       |     1 |     6 |       |     4 ||    18
         Scroll            |       |     3 |    19 |     6 |     2 |     6 |     4 |     1 |    11 ||    52
   Stab: Sleeping          |     6 |       |    11 |     1 |     5 |    12 |    22 |    34 |     6 ||    97
         Distracted        |       |     1 |       |     7 |    15 |    23 |    25 |    37 |    19 ||   127
         Invisible         |       |       |       |     9 |       |       |       |       |       ||     9
         Held in net/web   |       |       |       |       |       |       |     1 |       |       ||     1
 Armour: Leather armour    |    54 |    92 |   158 |       |       |       |       |       |       ||   304
         Ring mail         |       |       |    23 |   234 |   200 |       |       |       |       ||   457
         Chain mail        |       |       |       |       |   336 |   741 |   464 |   289 |   403 ||  2233
  Dodge: Dodged            |    43 |    80 |   125 |   463 |   652 |  1160 |   434 |   400 |   429 ||  3786
  Block: Buckler           |    29 |    56 |    97 |   168 |   163 |       |       |       |       ||   513
         Tower shield      |       |       |       |       |   922 |  3262 |  1694 |  1358 |  1171 ||  8407

Illustrated notes

Table legend:
 A = Kills in this place as a percentage of kills in the entire game.
 B = Kills by you in this place as a percentage of kills by you in the entire game.
 C = Kills by friends in this place as a percentage of kills by friends in the entire game.
 D = Other kills in this place as a percentage of other kills in the entire game.
 E = Experience gained in this place as a percentage of experience gained in the entire game.
 F = Experience gained in this place divided by the number of levels of this place that you have seen.
                   A       B       C       D       E      F
               +-------+-------+-------+-------+-------+----------------------
         Total | 100.0 | 100.0 | 100.0 | 100.0 | 100.0 | 21689.5
       Dungeon |  18.0 |  18.2 |  10.8 |  11.1 |   6.6 | 4953.6
          Lair |  10.1 |  10.2 |   5.4 |   0.0 |   5.3 | 11926.2
        Shoals |   8.6 |   8.8 |   2.7 |   0.0 |   8.7 | 24654.8
   Spider Nest |  11.6 |  11.8 |   0.0 |  11.1 |   8.9 | 25083.0
  Orcish Mines |   3.4 |   3.5 |   0.0 |   0.0 |   1.1 | 5923.0
   Elven Halls |   8.6 |   8.5 |   8.1 |  33.3 |  10.8 | 40464.7
        Vaults |  22.0 |  21.5 |  48.6 |  11.1 |  30.8 | 69514.2
        Depths |   8.5 |   8.6 |   0.0 |  11.1 |  14.9 | 42097.2
           Zot |   4.7 |   4.3 |  21.6 |  22.2 |  10.3 | 23316.6
         Sewer |   0.4 |   0.4 |   0.0 |   0.0 |   0.0 | 157.0
       Ossuary |   0.7 |   0.7 |   0.0 |   0.0 |   0.1 | 570.0
      Ice Cave |   1.4 |   1.4 |   2.7 |   0.0 |   1.1 | 12401.0
        Wizlab |   2.0 |   2.0 |   0.0 |   0.0 |   1.4 | 16057.0
               +-------+-------+-------+-------+-------+----------------------

Table legend: (Time is in decaauts)
 A = Elapsed time spent in this place.
 B = Non-inter-level travel time spent in this place.
 C = Inter-level travel time spent in this place.
 D = Time resting spent in this place.
 E = Time spent auto-exploring this place.
 F = Levels seen in this place.
 G = Mean time per level.
                   A        B        C        D        E       F      G
               +--------+--------+--------+--------+--------+-----+--------+
         Total |  58417 |  53082 |   5335 |   5675 |  31164 |  52 | 1123.4 |
       Dungeon |  17977 |  16031 |   1946 |   2566 |  10098 |  15 | 1198.5 |
        Temple |     22 |      1 |     21 |      0 |      0 |   1 |   22.0 |
          Lair |   8741 |   7624 |   1117 |   1240 |   4454 |   5 | 1748.2 |
        Shoals |   4602 |   4193 |    409 |    183 |   2246 |   4 | 1150.5 |
   Spider Nest |   5588 |   5372 |    216 |    436 |   2969 |   4 | 1397.0 |
  Orcish Mines |   1881 |   1509 |    372 |    162 |    776 |   2 |  940.5 |
   Elven Halls |   3616 |   3371 |    245 |     96 |   1809 |   3 | 1205.3 |
        Vaults |   7755 |   7133 |    622 |    226 |   4825 |   5 | 1551.0 |
        Depths |   4300 |   3987 |    313 |     73 |   2826 |   4 | 1075.0 |
           Zot |   1761 |   1689 |     72 |    222 |    515 |   5 |  352.2 |
         Sewer |    220 |    220 |      0 |      0 |    151 |   1 |  220.0 |
       Ossuary |    574 |    574 |      0 |    165 |    193 |   1 |  574.0 |
      Ice Cave |    689 |    689 |      0 |    245 |    166 |   1 |  689.0 |
        Wizlab |    686 |    686 |      0 |     58 |    133 |   1 |  686.0 |
               +--------+--------+--------+--------+--------+-----+--------+

Top non-repeatable levels by time:
  Lair:4: 2305 daAuts
    D:12: 2157 daAuts
  Lair:2: 2020 daAuts
Vaults:4: 1978 daAuts
Shoals:3: 1610 daAuts
Vaults:1: 1604 daAuts
  Lair:5: 1546 daAuts
Spider:1: 1540 daAuts
  Lair:1: 1518 daAuts
Vaults:3: 1495 daAuts
Spider:4: 1482 daAuts
    D:15: 1459 daAuts
Spider:2: 1416 daAuts
Vaults:2: 1387 daAuts
Depths:3: 1365 daAuts
